[Event "26th Hit Open-A 2022"]
[Site "Nova Gorica"]
[Date "2022.09.21"]
[Round "8.33"]
[White "Alexandrova, Angelina"]
[Black "Centrih, Aleks"]
[Result "0-1"]
[ECO "C68"]
[WhiteElo "1842"]
[BlackElo "2095"]
[Annotator "TA"]
[PlyCount "44"]
[EventDate "2022.09.16"]
[EventType "swiss"]
[EventCountry "SLO"]
[SourceTitle "playchess.com"]
[Source "ChessBase"]
[SourceQuality "1"]
[TimeControl "5400+30"]

1. e4 e5 2. Nf3 Nc6 3. Bb5 a6 4. Bxc6 dxc6 5. O-O Bg4 6. h3 Bh5 7. g4 Bg6 8. Nxe5 Qh4 {[%emt 0:00:10] 8...Bd6 injects fresh life into this line.} 9. Qf3 {[%emt 0:01:44] C68: Ruy Lopez: Exchange Variation, sidelines.} f6 10. Nxg6 hxg6 11. Kg2 {[%emt 0:00:10] The position is equal.} g5 12. Rh1 Ne7 13. Qg3 Qh7 14. d3 O-O-O 15. f4 Ng6 {[%emt 0:09:33] [#] ...Bd6 is the strong threat.} 16. fxg5 $146 {[%emt 0:04:02][%mdl 8192] [#]} (16. f5 $11 {and White stays safe.} Nh4+ 17. Kf1) ({Predecessor:} 16. f5 Nh4+ 17. Kf1 Bd6 18. Qf2 g6 19. Nd2 gxf5 20. exf5 Qf7 21. Ne4 Qd5 22. Qa7 {½-½ (33) Kuegel,T (2207)-Sreeves,C (2333) Pardubice 2015}) 16... Bd6 $19 17. Qf2 Rhf8 18. Qa7 (18. Be3 $142 fxg5 19. Qe2) 18... Qh4 19. Qf2 {[%emt 0:05:57] Prevents Qg3+.} fxg5 {[%emt 0:00:25][%csl Gf8][%cal Rh4f2] [#]} 20. Qxh4 Nxh4+ {[%emt 0:00:05] Black mates.} ({Not} 20... gxh4 21. Nc3 $14) 21. Kg1 Bc5+ 22. Kh2 Rf2+ {[%emt 0:00:06] Weighted Error Value: White=1.16/Black=0.26 (precise)} 0-1

[Event "26th Hit Open-A 2022"]
[Site "Nova Gorica"]
[Date "2022.09.21"]
[Round "8.34"]
[White "Walker, Samuel A"]
[Black "Zlatanovic, Srdjan"]
[Result "1-0"]
[ECO "A13"]
[WhiteElo "2028"]
[BlackElo "1740"]
[Annotator "TA"]
[PlyCount "101"]
[EventDate "2022.09.16"]
[EventType "swiss"]
[EventCountry "SLO"]
[SourceTitle "playchess.com"]
[Source "ChessBase"]
[SourceQuality "1"]
[TimeControl "5400+30"]

1. g3 d5 2. c4 Nf6 3. Bg2 e6 4. Nf3 Nbd7 5. O-O c5 (5... dxc4 $11 {should be considered.} 6. Nc3 Bd6) 6. cxd5 $14 {[%emt 0:01:04] A13: English Opening: 1...e6.} exd5 7. b3 Be7 8. d4 {[%emt 0:00:13] The position is equal.} O-O 9. Bb2 Nb6 (9... b6 $11) 10. dxc5 $16 Bxc5 {[%emt 0:00:20] [#]} 11. Qc2 $146 ({Predecessor:} 11. Na3 Re8 12. Rc1 Bf8 13. Nb5 Bd6 14. Nxd6 Qxd6 15. Nd4 a6 16. Qd3 Bg4 17. h3 {1-0 (27) Peyrer,K (2244)-Moerwald,M (1555) Playchess.com INT 2020}) 11... Bd6 12. Nc3 Be6 13. Rac1 Qd7 14. Qb1 Rac8 15. Rfd1 Bh3 (15... Bc5 $142) 16. Nd4 (16. a4 $142) 16... Bxg2 17. Kxg2 Qg4 (17... Rfe8 $16 {was necessary.}) 18. Qf5 Bc5 (18... Rfe8 $16) 19. Qxg4 {[%emt 0:05:22] Active counter play!} Nxg4 20. e3 (20. Ncb5 $18) 20... Bxd4 21. Rxd4 Nf6 22. Rdd1 Rc6 23. Nb5 Ra8 24. Rxc6 bxc6 25. Nd4 c5 26. Nf5 Kf8 27. a4 {[%emt 0:06:54] Black must now prevent Bxf6.} a5 28. Ba3 Rc8 29. Rc1 Nbd7 30. Nd6 Rc7 31. Nb5 $36 {[%emt 0:00:30][%mdl 2048] White is on the roll.} Rc6 32. f3 Ke7 33. g4 Ke6 $2 {[%emt 0:00:20][%mdl 8192] [#] White leaves nothing to chance now.} ({Better is} 33... Ne8 $14) 34. Nd4+ $18 Kd6 35. Nxc6 Kxc6 {[%emt 0:00:05][%mdl 4096] Endgame KRB-KNN} 36. Kf2 Ne8 37. Ke2 Nd6 38. h3 f5 39. gxf5 Nxf5 40. Bb2 {[%emt 0:00:22] Prevents d4.} Ng3+ 41. Kf2 Nh5 42. Ke2 $2 ({White should try} 42. Bc3 $18) 42... g6 $2 (42... Ng3+ $1 $11 {and Black has nothing to worry.} 43. Kf2 Nf5) 43. Kd2 Kb6 44. Rg1 c4 (44... Kb7 $142 45. Bc3 Kb6) 45. Bd4+ Kc6 46. bxc4 dxc4 47. Rg5 Nb6 48. Rc5+ Kd6 {[%emt 0:00:30] [#]} 49. Rxh5 $1 gxh5 (49... c3+ 50. Kc2) 50. Bxb6 Kc6 51. Bxa5 {[%emt 0:00:12] Weighted Error Value: White=0.26 (precise) /Black=0.70} 1-0

[Event "26th Hit Open-A 2022"]
[Site "Nova Gorica"]
[Date "2022.09.21"]
[Round "8.36"]
[White "Bajec, Borut"]
[Black "Goroshkova, Liudmila"]
[Result "1/2-1/2"]
[ECO "D37"]
[WhiteElo "1732"]
[BlackElo "1961"]
[Annotator "TA"]
[PlyCount "67"]
[EventDate "2022.09.16"]
[EventType "swiss"]
[EventCountry "SLO"]
[SourceTitle "playchess.com"]
[Source "ChessBase"]
[SourceQuality "1"]
[TimeControl "5400+30"]

1. d4 d5 2. c4 e6 3. Nc3 Nf6 4. Nf3 Be7 5. e3 O-O 6. Bd3 Nbd7 7. O-O b6 8. e4 dxe4 9. Nxe4 Bb7 10. Re1 c5 {[%emt 0:01:04] D37: Queen's Gambit Declined: 5 Bf4.} 11. dxc5 $1 Nxc5 12. Nxc5 Bxc5 13. Bg5 Be7 14. Qe2 Qc7 15. Rad1 {[%emt 0:06:33] [#]} h6 $146 ({Predecessor:} 15... Rad8 16. a3 Ng4 17. Bxe7 Qxe7 18. h3 Nf6 19. Qe3 Qc7 20. b4 Rfe8 21. Ne5 Ba8 {0-1 (40) Uuriintuya,U (2172)-Chitlange,S (1928) New Delhi 2016}) 16. Bh4 Qc6 17. b3 Rfe8 18. Bxf6 Bxf6 19. Bb1 e5 20. Be4 Qxe4 21. Qxe4 Bxe4 22. Rxe4 Rad8 23. Rde1 Re6 24. Kf1 ({Don't go for} 24. Nxe5 $2 Rxe5 25. Rxe5 Bxe5 $19) 24... Rde8 25. h3 g6 {[%emt 0:00:55] The position is equal.} 26. Rd1 Bg7 27. g4 f5 28. gxf5 gxf5 29. Re2 Bf6 30. Rd5 R8e7 31. Kg2 Rg7+ 32. Kf1 {[%emt 0:00:13] [#] Nd4 is the strong threat.} Rge7 33. Kg2 Rg7+ 34. Kf1 {[%emt 0:00:02] A balanced but interesting game.  Weighted Error Value: White=0.06 (flawless) /Black=0.08 (flawless)} 1/2-1/2

[Event "26th Hit Open-A 2022"]
[Site "Nova Gorica"]
[Date "2022.09.21"]
[Round "8.37"]
[White "Rigatti, Giorgio"]
[Black "Labrovic, Jakov"]
[Result "0-1"]
[ECO "C50"]
[WhiteElo "1763"]
[BlackElo "1882"]
[Annotator "NA COMBH"]
[PlyCount "42"]
[EventDate "2022.09.16"]
[EventType "swiss"]
[EventCountry "SLO"]
[SourceTitle "playchess.com"]
[Source "ChessBase"]
[SourceQuality "1"]
[TimeControl "5400+30"]

1. e4 e5 2. Nf3 Nc6 3. Bc4 f5 4. d4 exd4 5. Ng5 Ne5 6. Bxg8 Rxg8 7. Qxd4 Qf6 8. Nc3 c6 9. Bf4 Bd6 10. Be3 Bc7 11. Nf3 f4 12. Nxe5 Bxe5 13. Qc4 d5 14. exd5 Bxc3+ 15. bxc3 fxe3 16. O-O-O cxd5 17. Qxd5 Be6 18. Qb5+ Kf7 19. fxe3 Kg6 20. Rhf1 Qxc3 21. Rd6 Qa3+ 0-1

[Event "26th Hit Open-A 2022"]
[Site "Nova Gorica"]
[Date "2022.09.21"]
[Round "8.38"]
[White "Oestmann, Lukas"]
[Black "Budai, Federico"]
[Result "1/2-1/2"]
[ECO "C90"]
[WhiteElo "1620"]
[BlackElo "1712"]
[Annotator "NA COMBH"]
[PlyCount "67"]
[EventDate "2022.09.16"]
[EventType "swiss"]
[EventCountry "SLO"]
[SourceTitle "playchess.com"]
[Source "ChessBase"]
[SourceQuality "1"]
[TimeControl "5400+30"]

1. e4 e5 2. Nf3 Nc6 3. Bb5 a6 4. Ba4 Nf6 5. O-O b5 6. Bb3 Be7 7. Re1 d6 8. c3 Bg4 9. h3 Bh5 10. d3 O-O 11. Nbd2 Na5 12. Bc2 c5 13. Nf1 Nc6 14. Ng3 Bg6 15. Nh4 Re8 16. f4 exf4 17. Bxf4 Nd7 18. Nxg6 hxg6 19. Rf1 Nb6 20. d4 cxd4 21. cxd4 Bf6 22. Ne2 Nc4 23. b3 Na3 24. Bd3 Nxd4 25. Rc1 Nxe2+ 26. Qxe2 Qb6+ 27. Be3 Bd4 28. Bxd4 Qxd4+ 29. Kh1 b4 30. Qf3 Re7 31. e5 Rae8 32. exd6 Qxd6 33. Rcd1 Qe6 34. Qf4 1/2-1/2

[Event "26th Hit Open-A 2022"]
[Site "Nova Gorica"]
[Date "2022.09.21"]
[Round "8.39"]
[White "Leitner, Gerald"]
[Black "Azinovic, Igor"]
[Result "1-0"]
[ECO "A05"]
[WhiteElo "2181"]
[BlackElo "1814"]
[Annotator "TA"]
[PlyCount "41"]
[EventDate "2022.09.16"]
[EventType "swiss"]
[EventCountry "SLO"]
[SourceTitle "playchess.com"]
[Source "ChessBase"]
[SourceQuality "1"]
[TimeControl "5400+30"]

1. e4 c5 2. Nf3 d6 3. g3 Nf6 4. d3 Nc6 5. Bg2 g6 6. O-O Bg7 7. Nbd2 {[%emt 0:00:01] 7.Re1 is the modern continuation.} O-O 8. Re1 Be6 {[%emt 0:04:14] A05: Réti Opening: 1 Nf3 Nf6.} 9. c3 Qd7 10. Ng5 $1 {[%emt 0:02:52] [#]} Bg4 $146 {[%emt 0:01:34] White is slightly better.} ({Predecessor:} 10... h6 11. Nxe6 Qxe6 12. f4 b5 13. e5 dxe5 14. Nb3 Rad8 15. Nxc5 Qc8 16. fxe5 Nd7 17. Nxd7 Qxd7 {½-½ (40) Schumacher,P (1486)-Czegledi,D (1060) Rheinhausen 2011}) 11. f3 h6 12. fxg4 {[%emt 0:00:10] [#] Threatens to win with Ngf3.} hxg5 13. h3 Ne8 (13... b5 $14) 14. Nf3 $16 f6 15. Be3 b6 16. d4 {[%emt 0:03:50] White is more active.} Qc7 (16... Rd8 $16 17. Qc2 e5) 17. Rc1 Rd8 18. b4 d5 $2 {[%emt 0:03:39] [#]} (18... e5 19. Qb3+ (19. bxc5 dxc5 20. Qa4 Nd6 $16) 19... Kh8) 19. exd5 $18 Rxd5 20. Qb3 Kh7 $2 (20... c4 21. Qxc4 e6) 21. Qxd5 {[%emt 0:00:33] Black got outplayed after the opening.  Weighted Error Value: White=0.11 (very precise) /Black=0.59} 1-0

[Event "26th Hit Open-A 2022"]
[Site "Nova Gorica"]
[Date "2022.09.21"]
[Round "8.40"]
[White "Di Lascio, Savino"]
[Black "Bajo, Tin"]
[Result "1/2-1/2"]
[ECO "A07"]
[WhiteElo "1793"]
[BlackElo "1999"]
[Annotator "TA"]
[PlyCount "146"]
[EventDate "2022.09.16"]
[EventType "swiss"]
[EventCountry "SLO"]
[SourceTitle "playchess.com"]
[Source "ChessBase"]
[SourceQuality "1"]
[TimeControl "5400+30"]

1. Nf3 d5 2. g3 Nf6 3. Bg2 c6 4. O-O Bg4 5. d3 Nbd7 6. Nbd2 e5 7. c4 (7. e4 {looks sharper.} Bc5 8. exd5 Nxd5 9. h3) 7... Bd6 {[%emt 0:01:04] A07: Réti Opening: New York and Capablanca Systems.} 8. a3 a5 9. b3 (9. cxd5 {with more complications.} cxd5 10. e4 dxe4 11. Nc4) 9... O-O 10. Bb2 Re8 {[%emt 0:00:22] [#]} 11. e4 $146 ({Predecessor:} 11. h3 Bh5 12. Bc3 e4 13. dxe4 dxe4 14. Nd4 e3 15. Nf5 exf2+ 16. Rxf2 Bc5 17. Bd4 Bxd4 18. Nxd4 {0-1 (30) Sysoykina,L (1974)-Nasybullin,V (2397) Kimry 2009}) 11... Nc5 12. Qc2 dxe4 13. Nxe4 Nfxe4 14. dxe4 Qb6 {[%emt 0:06:56] Prevents b4.} 15. b4 axb4 16. axb4 Rxa1 (16... Qxb4 {feels hotter.} 17. Rxa8 Rxa8 18. Bxe5 Bxe5 19. Nxe5 Be6) 17. Rxa1 {[%emt 0:00:13] [#] Black must now prevent Bxe5.} Qxb4 18. Bxe5 Bxe5 19. Nxe5 Be6 20. Rb1 Qa5 21. h3 f6 (21... Qa3 $15) 22. Ng4 (22. Nd3 $11) 22... Rd8 23. Rd1 Bxg4 24. hxg4 Rxd1+ 25. Qxd1 $15 {[%emt 0:00:14][%mdl 4096] Endgame KQB-KQN} Qc7 26. Qd4 Ne6 27. Qe3 Qd7 28. e5 $1 Qd1+ 29. Kh2 {[%emt 0:00:20] And now exf6 would win.} Qd4 30. Qxd4 Nxd4 31. exf6 gxf6 $11 {[%emt 0:00:01] KB-KN} 32. Be4 h6 33. Kg2 Kf7 34. f4 Ke6 35. Kf2 Kd6 36. Ke3 Kc5 37. Bd3 b5 38. cxb5 cxb5 39. Ke4 $2 (39. Bg6 $11) 39... b4 $19 {[%emt 0:00:30] [#] Hoping for ...b3.} 40. g5 hxg5 41. fxg5 fxg5 42. Ke5 b3 43. Bh7 b2 44. Bb1 Kc4 45. Kf6 Nf3 46. Kg6 Kd4 47. Kf6 Ke3 48. Kf5 Kf2 49. Kg4 Kg2 $2 (49... Ke2 {mates} 50. Kf5 Nd2 51. Bc2 Nc4 52. Bb1 Na3 53. Ba2 Nc2 54. Kg6 Kd2 55. Kh6 Kc1 56. Kxg5 Nb4 57. Bf7 b1=Q 58. Kf6 Qb2+ 59. Kg6 Nc6 60. Be6 Qe5 61. Bg8 Ne7+ 62. Kf7 Nd5 63. Kg6 Qf6+ 64. Kh5 Qf5+ 65. Kh6 Nf6 66. Kg7 Ng4 67. Bb3 Qf6+ 68. Kg8 Nh6+ 69. Kh7 Nf5 70. Kg8 Qg7#) 50. Be4 $11 Kf2 $2 (50... b1=R $11 51. Bxb1 Nh2+ 52. Kxg5 Kxg3) 51. Bb1 $1 $19 Nh2+ $2 ({Better is} 51... Ke2 $19 {( -> ...Nd4)} 52. Ba2 Nd2) 52. Kxg5 $11 {[%emt 0:01:56] The position is equal.} Kxg3 53. Kf5 Kf3 54. Ke5 Ke3 55. Kd5 Kd2 {[%emt 0:00:51] Threatens to win with ...Kc3.} 56. Kc4 Kc1 57. Bd3 Nf3 58. Bh7 Ne1 59. Kc3 {[%emt 0:00:23] Prevents Nc2.} Ng2 60. Kb3 Ne3 61. Kc3 Nd5+ 62. Kb3 Nc7 63. Kc3 Nb5+ 64. Kb3 Nd4+ 65. Kc3 $1 Ne6 66. Kb3 Ng5 67. Bg6 Nf7 68. Bh7 Ne5 69. Kc3 Nf3 70. Kb3 Nd4+ 71. Kc3 $1 Nf5 72. Bxf5 b1=Q 73. Bxb1 Kxb1 {[%emt 0:00:04] Weighted Error Value: White=0.35/Black=0.31} 1/2-1/2

[Event "26th Hit Open-A 2022"]
[Site "Nova Gorica"]
[Date "2022.09.21"]
[Round "8.41"]
[White "Vah, Denis"]
[Black "Fiolo, Costanza"]
[Result "1-0"]
[ECO "D85"]
[WhiteElo "1988"]
[BlackElo "1768"]
[Annotator "TA"]
[PlyCount "91"]
[EventDate "2022.09.16"]
[EventType "swiss"]
[EventCountry "SLO"]
[SourceTitle "playchess.com"]
[Source "ChessBase"]
[SourceQuality "1"]
[TimeControl "5400+30"]

1. d4 Nf6 2. c4 g6 3. Nc3 d5 4. cxd5 Nxd5 5. e4 Nxc3 6. bxc3 Bg7 7. Nf3 c5 8. h3 O-O 9. Be2 Nc6 10. Be3 Bd7 {[%emt 0:05:27] D85: Exchange Grünfeld: Unusual White 7th moves and lines with 7 Nf3.} ({Black should try} 10... cxd4 $11 11. cxd4 Qa5+ 12. Bd2 Qa3) 11. O-O $14 Qc7 12. Rb1 {[%emt 0:02:52] [#]} Rad8 $146 {[%emt 0:03:38] White is slightly better.} ({Predecessor:} 12... Rfd8 13. Qb3 Rab8 14. d5 Na5 15. Qa3 b6 16. c4 f5 17. Qc1 fxe4 18. Ng5 Nb7 {1-0 (30) Beckett,C (2165)-Saravanan,A (1709) London 2018}) 13. d5 Ne5 14. Nd2 Bc8 15. f4 Nd7 16. c4 b6 (16... e6 $142) 17. Nf3 (17. e5 $16) 17... Nb8 18. Qd2 e6 19. e5 f6 20. d6 $36 {[%emt 0:00:39][%mdl 2048] White is in control.} Qc6 {[%emt 0:04:21] [#]} 21. Bf2 $1 Nd7 22. Bg3 {[%emt 0:00:47] White is much more active. The black rooks are badly placed.} Bb7 {[%emt 0:01:27] aiming for ...fxe5.} 23. Qe3 (23. Bd3 $16) 23... Qe4 (23... fxe5 $11 24. fxe5 Rf5) 24. Qxe4 Bxe4 25. Rbe1 $1 Bxf3 {[%emt 0:01:42] This costs Black the game.} (25... Bh6 $11 {and Black is okay.}) 26. Bxf3 $18 g5 $2 (26... fxe5 {was necessary.} 27. fxe5 Rf5) 27. exf6 Bxf6 28. fxg5 ({Not} 28. Rxe6 gxf4 29. Bh2 (29. Bxf4 Bd4+ 30. Be3 Rf6 $16) 29... Be5 $16) 28... Bd4+ 29. Kh1 e5 30. Re2 (30. Bd5+ $142 Kg7 31. Kh2) 30... Nb8 $2 (30... Kg7 31. Rfe1 Rf5) 31. Bxe5 {[%emt 0:00:57] [#] Intending Bd5+ and mate.} Bxe5 32. Rxe5 Rxd6 33. Bd5+ Rxd5 34. Rxf8+ Kxf8 35. Rxd5 {[%emt 0:00:59][%mdl 4096] Endgame Strongly threatening Rd8+. KR-KN} Kg7 36. g4 Nc6 37. Rd7+ Kg8 38. Kg2 a5 39. Rb7 Nb4 40. Rxb6 Nxa2 41. Ra6 Nc3 42. Rxa5 Ne4 43. h4 Kf7 44. Ra7+ (44. Kf3 $142 Nc3 45. Rxc5 Ke6 46. Rc7 Nd1 47. Rxh7 Nb2 48. c5 Nc4 49. c6) 44... Kg6 45. Kf3 Nd2+ 46. Kf4 {[%emt 0:00:04] Weighted Error Value: White=0.23 (precise) /Black=0.71} 1-0